 Dungeon Crawl Stone Soup version 0.17.0-28-g6e173f8 (webtiles) character file.

33166 graki42 the Eclecticist (level 13, -5/65 HPs)
             Began as a Deep Elf Fire Elementalist on Nov 27, 2015.
             Was a High Priest of Vehumet.
             Slain by a black mamba (18 damage)
             ... on level 7 of the Lair of Beasts on Dec 1, 2015.
             The game lasted 01:35:12 (17414 turns).

graki42 the Eclecticist (DEFE)                     Turns: 17414, Time: 01:35:12

Health: -5/65      AC:  9    Str:  5    XL:     13   Next: 35%
Magic:  17/34      EV: 16    Int: 26    God:    Vehumet [*****.]
Gold:   895        SH:  0    Dex: 15    Spells: 6 memorised, 24 levels left

rFire  + . .     SeeInvis .     R - +2 rod of destruction (13/13)
rCold  + . .     Clarity  .     r - +2 robe {rC+}
rNeg   + . .     SustAt   .     (no shield)
rPois  .         Gourm    .     i - +0 hat {MR+}
rElec  .         Spirit   .     L - +2 cloak
rCorr  .         Warding  .     B - +0 pair of gloves
rMut   +         Rnd*Tele +     P - +0 pair of boots
MR     ++...                    U - amulet of resist mutation
Stlth  ++........               n - ring of positive energy
                                v - ring of protection from fire

@: very slightly contaminated, hasted, very quick, very resistant to hostile
enchantments, unstealthy
A: teleportitis 1
a: Renounce Religion


You were on level 7 of the Lair of Beasts.
You worshipped Vehumet.
Vehumet was extremely pleased with you.
You were hungry.

You visited 3 branches of the dungeon, and saw 18 of its levels.
You also visited: Sewer.

You collected 895 gold pieces.

Inventory:

Hand Weapons
 q - a +3 dagger of electrocution
Armour
 i - a +0 hat of magic resistance (worn)
 k - a +2 leather armour of poison resistance
 o - a +1 helmet of see invisible
 r - a +2 robe of cold resistance (worn)
 B - a +0 pair of gloves (worn)
 L - a +2 cloak (worn)
 P - a +0 pair of boots (worn)
Magical Staves
 H - an uncursed staff of wizardry
Rods
 R - a +2 rod of destruction (13/13) (weapon)
   (You found it on level 9 of the Dungeon)
Jewellery
 n - a ring of positive energy (right hand)
 v - a ring of protection from fire (left hand)
 U - an amulet of resist mutation (around neck)
 V - an uncursed ring of invisibility
Wands
 l - a wand of confusion (35)
 s - a wand of frost (21)
 w - a wand of fireball (3)
 y - a wand of flame (31)
 M - a wand of lightning (0)
 Q - a wand of disintegration (22)
Scrolls
 a - a scroll of teleportation
 b - a scroll of enchant armour
 d - a scroll of enchant weapon
 g - 7 scrolls of identify
 m - 8 scrolls of remove curse
 p - a scroll of recharging
 t - 2 scrolls of blinking
 x - a scroll of amnesia
 F - 2 scrolls of magic mapping
 Y - a scroll of immolation
Potions
 e - 7 potions of curing
 j - 7 potions of flight
 u - 4 potions of heal wounds
 C - 2 potions of brilliance
 D - a potion of magic
 E - a potion of cancellation {unknown}
 G - 2 potions of haste
Books
 h - a book of Conjurations

   Spells                             Type                      Level
   a - Magic Dart                     Conjuration                  1
   b - Searing Ray                    Conjuration                  2
   c - Dazzling Spray                 Conjuration/Hexes            3
   d - Fulminant Prism                Conjuration/Hexes            4
   e - Iskenderun's Mystic Blast      Conjuration                  4
   f - Iskenderun's Battlesphere      Conjuration/Charms           5
Comestibles
 c - 9 bread rations
 f - 3 meat rations
 z - 2 beef jerkies


   Skills:
 + Level 1.4 Fighting
 + Level 0.4 Short Blades
 + Level 0.4 Staves
 + Level 3.2 Armour
 + Level 7.2 Dodging
 - Level 3.0 Stealth
 + Level 15.3 Spellcasting
 + Level 12.0 Conjurations
 + Level 2.6 Hexes
 * Level 10.2 Necromancy
 + Level 12.4 Fire Magic
 + Level 2.4 Evocations


You had 24 spell levels left.
You knew the following spells:

 Your Spells              Type           Power        Failure   Level  Hunger
a - Flame Tongue          Conj/Fire      #####        0%          1    None
b - Conjure Flame         Conj/Fire      ######..     1%          3    None
c - Inner Flame           Hex/Fire       ######..     1%          3    None
d - Sticky Flame          Conj/Fire      ######..     1%          4    None
e - Fireball              Conj/Fire      ######....   1%          5    #......
f - Sublimation of Blood  Necr           ######....   1%          2    None


Dungeon Overview and Level Annotations

Branches:
Dungeon (10/15)            Temple (1/1) D:4            Lair (7/8) D:8
 Shoals (0/4) Lair:3       Spider (0/4) Lair:6          Orc (0/4) D:9
  Slime: Lair:6-8

Altars:
Cheibriados
Dithmenos
Fedhas
Gozag
Kikubaaqudgha
Qazlal
Sif Muna
Trog
Vehumet
Xom
Yredelemnul
Zin
The Shining One

Shops:
D:5 %

Portals:
Trove: D:10 (give 15 scrolls of teleportation)

Annotations:
D:7 fredomojojo's ghost, novice MiFi
Lair:4 AAAAA's ghost, journeyman OgGl


Innate Abilities, Weirdness & Mutations

You are occasionally teleported to nearby monsters.


Message History

The boulder beetle is almost dead.
The boulder beetle is covered in liquid flames!
The boulder beetle burns!
The boulder beetle burns!
You kill the boulder beetle!
Vehumet accepts your kill.
You feel your power returning.
Drink which item? (? for menu, Esc to quit)
Okay, then.
Read which item? (? for menu, Esc to quit)
Okay, then.
Drink which item? (? for menu, Esc to quit)
You feel yourself speed up.
You are very lightly contaminated with residual magic.
The black mamba bites you!
* * * LOW HITPOINT WARNING * * *
The black mamba closely misses you. The black mamba barely misses you.
The black mamba bites you!!
You die...

.........†....#
...#.............#
................#.#
.........#.....#.##
#.............D...#..#
..
...#................##
#.#
......P................#
##
.................S....##
................@...###
...................##
.................#..#
..................###
.............P.####
..........##.###
..........####
..........# #......####


You could see an eight-headed hydra and a black mamba.

Vanquished Creatures
  Rupert (Lair:5)
  A hydra (Lair:5)
  A hill giant (D:10)
  Pikel (D:5)
  An oklob plant (Lair:5)
  A wolf spider (Lair:6)
  3 sirens (Lair:3)
  13 spiny frogs
  2 black mambas
  A torpor snail (Lair:5)
  3 komodo dragons
  A fire drake (Lair:7)
  A merfolk (Lair:3)
  2 jumping spiders (Lair:6)
  5 blink frogs (Lair:2)
  2 boulder beetles
  Sigmund (D:6)
  A redback (Lair:6)
  5 wraiths
  41 yaks
  7 humans
  Eustachio (D:5)
  3 wyverns
  4 basilisks
  5 wolves
  11 hippogriffs
  Menkaure (D:4)
  A soldier ant (D:8)
  A spider (Lair:6)
  Duvessa (D:6)
  8 water moccasins
  An ice beast (D:8)
  3 sky beasts
  2 slaves (D:5)
  A phantom (D:10)
  9 porcupines
  An orc warrior (D:7)
  A centaur (D:7)
  5 ogres
  12 crocodiles
  21 giant frogs
  2 big kobolds (Sewer)
  Dowan (D:6)
  2 crimson imps (D:6)
  A centaur skeleton (D:6)
  4 hounds
  A giant frog zombie (D:8)
  Crazy Yiuf (D:6)
  4 iguanas
  3 jellies
  2 worker ants
  An orc priest (D:6)
  6 orc wizards
  30 sheep
  A killer bee zombie (D:9)
  A hound zombie (D:10)
  3 hound skeletons
  6 gnolls (D:7)
  11 adders
  55 river rats
  2 shadow imps
  2 oozes
  An adder skeleton (D:6)
  3 worms
  5 giant geckos
  25 orcs
  6 bats
  4 giant cockroaches
  5 goblins
  6 hobgoblins
  10 jackals
  6 quokkas
  10 ball pythons
  A ball python skeleton (D:5)
  A giant newt (D:2)
  A jackal skeleton (D:4)
  A jackal zombie (D:7)
  6 kobolds
  A quokka skeleton (D:5)
  7 rats
  3 fungi
  5 plants
432 creatures vanquished.

Vanquished Creatures (collateral kills)
  Gastronok (Lair:3)
1 creature vanquished.

Vanquished Creatures (others)
  A giant frog (Lair:5)
  A quokka (D:5)
  A quokka zombie (D:5)
  14 fungi
  6 plants
23 creatures vanquished.

Grand Total: 456 creatures vanquished

Notes
Turn   | Place    | Note
--------------------------------------------------------------
     0 | D:1      | graki42 the Deep Elf Fire Elementalist began the quest for the Orb.
     0 | D:1      | Reached XP level 1. HP: 10/10 MP: 6/6
    49 | D:1      | Reached XP level 2. HP: 9/15 MP: 0/8
   663 | D:2      | Reached XP level 3. HP: 13/19 MP: 0/10
   798 | D:2      | Reached skill level 4 in Fire Magic
   843 | D:2      | Learned a level 3 spell: Conjure Flame
   847 | D:2      | Learned a level 3 spell: Inner Flame
  1154 | D:2      | Found a shadowy altar of Dithmenos.
  1276 | D:2      | Reached XP level 4. HP: 24/24 MP: 9/12
  1582 | D:3      | Learned a level 4 spell: Sticky Flame
  1849 | D:3      | Found a glowing golden altar of the Shining One.
  1851 | D:3      | Noticed an angel
  1863 | D:3      | Found a basalt altar of Yredelemnul.
  1867 | D:3      | Noticed a profane servitor
  2272 | D:4      | Found a glowing drain.
  2289 | Sewer    | Entered a sewer
  2399 | Sewer    | Reached XP level 5. HP: 24/28 MP: 10/13
  2519 | Sewer    | Noticed a big kobold
  2520 | Sewer    | Noticed a big kobold
  2529 | Sewer    | Killed a big kobold
  2529 | Sewer    | Reached skill level 1 in Armour
  2529 | Sewer    | Reached skill level 5 in Spellcasting
  2533 | Sewer    | Killed a big kobold
  2533 | Sewer    | Reached skill level 5 in Fire Magic
  2533 | Sewer    | Reached XP level 6. HP: 18/32 MP: 3/16
  2798 | D:4      | Noticed Menkaure
  2803 | D:4      | Killed Menkaure
  2837 | D:4      | Noticed an ogre
  2841 | D:4      | Killed an ogre
  2841 | D:4      | Reached skill level 6 in Spellcasting
  3108 | D:4      | Found a staircase to the Ecumenical Temple.
  3117 | Temple   | Entered the Ecumenical Temple
  3217 | Temple   | Became a worshipper of Vehumet
  3397 | D:5      | Entered Level 5 of the Dungeon
  3411 | D:5      | Reached XP level 7. HP: 36/36 MP: 14/18
  3428 | D:5      | Noticed Pikel
  3441 | D:5      | Killed Pikel
  3441 | D:5      | Reached skill level 7 in Spellcasting
  3498 | D:5      | Reached XP level 8. HP: 42/42 MP: 1/20
  3812 | D:5      | Learned a level 5 spell: Fireball
  3876 | D:5      | Noticed Eustachio
  3890 | D:5      | Found Kianlani's Food Shoppe.
  3916 | D:5      | Killed Eustachio
  3916 | D:5      | Reached skill level 1 in Hexes
  3978 | D:5      | Learned a level 2 spell: Blink
  4260 | D:6      | Reached * piety under Vehumet
  4260 | D:6      | Offered knowledge of Freeze by Vehumet.
  4322 | D:6      | Reached skill level 8 in Spellcasting
  4326 | D:6      | Gained mutation: Your flesh is cold resistant. [mutagenic meat]
  4327 | D:6      | Gained mutation: You have supernaturally acute eyesight. [mutagenic meat]
  4328 | D:6      | Lost mutation: You have supernaturally acute eyesight. [mutagenic meat]
  4329 | D:6      | Gained mutation: Your muscles are strong. (Str +2) [mutagenic meat]
  4330 | D:6      | Gained mutation: You can translocate small distances at will. [mutagenic meat]
  4331 | D:6      | Gained mutation: You are occasionally teleported to nearby monsters. [mutagenic meat]
  4338 | D:6      | Noticed Sigmund
  4351 | D:6      | Noticed Dowan
  4353 | D:6      | Noticed Duvessa
  4367 | D:6      | Reached skill level 5 in Conjurations
  4409 | D:6      | Killed Duvessa
  4641 | D:6      | Killed Sigmund
  4641 | D:6      | Reached skill level 5 in Dodging
  4641 | D:6      | Reached XP level 9. HP: 32/46 MP: 14/23
  4736 | D:6      | Noticed Crazy Yiuf
  4741 | D:6      | Killed Crazy Yiuf
  4799 | D:6      | Killed Dowan
  4854 | D:7      | Noticed fredomojojo's ghost (novice MiFi)
  4913 | D:7      | Reached skill level 9 in Spellcasting
  5308 | D:7      | Reached ** piety under Vehumet
  5308 | D:7      | Offered knowledge of Searing Ray by Vehumet.
  5948 | D:7      | Reached skill level 1 in Fighting
  6108 | D:7      | Identified a scroll of acquirement
  6282 | D:7      | Offered knowledge of Static Discharge by Vehumet.
  6363 | D:8      | Reached skill level 10 in Spellcasting
  6482 | D:8      | Reached *** piety under Vehumet
  6737 | D:8      | Reached XP level 10. HP: 52/52 MP: 15/26
  6888 | D:8      | Found a staircase to the Lair.
  6896 | D:8      | Learned a level 2 spell: Sublimation of Blood
  6927 | D:9      | Found an opulent altar of Gozag.
  6963 | D:9      | Found a snail-covered altar of Cheibriados.
  7062 | D:8      | Reached skill level 1 in Necromancy
  7284 | D:9      | Reached skill level 11 in Spellcasting
  7354 | D:9      | Identified a +0 rod of destruction (12/12) (You found it on level 9 of the Dungeon)
  7443 | D:9      | Found an ancient bone altar of Kikubaaqudgha.
  7512 | D:9      | Found a staircase to the Orcish Mines.
  7554 | D:9      | Found a deep blue altar of Sif Muna.
  7660 | D:10     | Entered Level 10 of the Dungeon
  7887 | D:10     | Found a portal to a secret trove of treasure.
  7954 | D:10     | Offered knowledge of Olgreb's Toxic Radiance by Vehumet.
  7959 | D:10     | Noticed a hill giant
  7969 | D:10     | Killed a hill giant
  8494 | Lair:1   | Entered Level 1 of the Lair of Beasts
  8669 | Lair:1   | Reached **** piety under Vehumet
  8712 | Lair:1   | Offered knowledge of Lee's Rapid Deconstruction by Vehumet.
  8933 | Lair:1   | Reached skill level 12 in Spellcasting
  9273 | Lair:1   | Noticed a black mamba
  9276 | Lair:1   | Killed a black mamba
  9276 | Lair:1   | Reached skill level 5 in Necromancy
  9470 | Lair:1   | Reached XP level 11. HP: 56/56 MP: 24/29
  9526 | Lair:1   | Reached skill level 10 in Fire Magic
 10170 | Lair:2   | Reached ***** piety under Vehumet
 10174 | Lair:2   | Offered knowledge of Iron Shot by Vehumet.
 10192 | Lair:2   | Reached skill level 1 in Evocations
 10356 | Lair:2   | Reached skill level 13 in Spellcasting
 10366 | Lair:2   | Lost mutation: Your muscles are strong. (Str +2) [potion of cure mutation]
 10366 | Lair:2   | Lost mutation: Your flesh is cold resistant. [potion of cure mutation]
 10366 | Lair:2   | Lost mutation: You can translocate small distances at will. [potion of cure mutation]
 11434 | Lair:3   | Noticed Gastronok
 11675 | Lair:3   | Reached skill level 10 in Conjurations
 11684 | Lair:3   | Reached XP level 12. HP: 61/61 MP: 10/31
 11787 | Lair:3   | Found a staircase to the Shoals.
 11954 | Lair:3   | Killed Gastronok
 12301 | Lair:4   | Noticed AAAAA's ghost (journeyman OgGl)
 13766 | Lair:5   | Reached skill level 14 in Spellcasting
 13885 | Lair:5   | Noticed a six-headed hydra
 13888 | Lair:5   | Killed a six-headed hydra
 14929 | Lair:5   | Noticed Rupert
 15061 | Lair:5   | Paralysed by Rupert for 4 turns
 15071 | Lair:5   | Killed Rupert
 15255 | Lair:5   | Reached XP level 13. HP: 65/65 MP: 21/33
 15268 | Lair:5   | Offered knowledge of Venom Bolt by Vehumet.
 16600 | Lair:6   | Reached skill level 10 in Necromancy
 16603 | Lair:6   | Reached skill level 15 in Spellcasting
 17199 | Lair:6   | Found a hole to the Spider Nest.
 17414 | Lair:7   | Slain by a black mamba

Action                   |  1- 3 |  4- 6 |  7- 9 | 10-12 | 13-15 || total
-------------------------+-------+-------+-------+-------+-------++-------
Melee: Dagger            |       |       |    20 |       |       ||    20
       Staff             |       |       |    13 |       |       ||    13
 Cast: Flame Tongue      |    58 |    77 |   183 |   131 |    13 ||   462
       Conjure Flame     |     1 |     2 |    11 |     1 |       ||    15
       Sticky Flame      |       |     1 |    29 |    46 |     5 ||    81
       Inner Flame       |       |       |    10 |       |       ||    10
       Fireball          |       |       |     3 |   179 |    79 ||   261
       Sublimation of Bl |       |       |       |     5 |     5 ||    10
Evoke: Wand              |       |       |     4 |     5 |       ||     9
       Rod               |       |       |       |    24 |     2 ||    26
  Use: Scroll            |       |     9 |     9 |    17 |       ||    35
       Potion            |       |       |     3 |     3 |     1 ||     7
 Stab: Sleeping          |       |       |     1 |       |       ||     1
  Eat: Chunk             |       |     7 |    18 |    31 |     6 ||    62
       Fruit             |       |       |     2 |     8 |     1 ||    11
       Bread ration      |       |       |       |     1 |       ||     1
       Pizza             |       |       |       |     1 |       ||     1
